 Dungeon Crawl Stone Soup version 0.23.0 (webtiles) character file.

Game seed: 6336531187876791882

110528 mora the Thaumaturge (level 16, -3/126 HPs)
             Began as a Gnoll Warper on Feb 16, 2019.
             Was the Champion of Ru.
             Slain by a +2 halberd of venom (26 damage)
             ... on level 1 of the Elven Halls on Feb 17, 2019.
             The game lasted 01:41:26 (39338 turns).

mora the Thaumaturge (Gnoll Warper)                Turns: 39338, Time: 01:41:26

Health: -3/126     AC: 20    Str: 20    XL:     16   Next: 55%
Magic:  31/31      EV: -3    Int: 15    God:    Ru [******]
Gold:   846        SH:  0    Dex: 16    Spells: 26/38 levels left

rFire    + . .     SeeInvis .   b - +6 arbalest "Damnation" {damnation}
rCold    + . .     Gourm    .   (shield currently unavailable)
rNeg     + . .     Faith    .   Q - +1 plate armour of Weutirebb {rC+ MR+}
rPois    .         Spirit   .   (no helmet)
rElec    .         Reflect  .   n - scarf {rC+ rF+}
rCorr    .         Harm     .   s - +1 pair of gloves
MR       ++...                  X - +0 pair of boots
Stlth    ..........             w - amulet of rage
HPRegen  0.31/turn              r - ring of positive energy
MPRegen  0.22/turn              O - ring of protection from fire

@: no status effects
A: distributed training, fangs 1, no stealth, inability to train dodging,
reduced EV 2, disrupted magic 1, temperature sensitive, strong nose
a: Draw Out Power, Power Leap, Apocalypse, Renounce Religion, Evoke Berserk Rage


You were on level 1 of the Elven Halls.
You worshipped Ru.
Ru was exalted by your worship.
You were not hungry.

You visited 6 branches of the dungeon, and saw 27 of its levels.

You collected 3249 gold pieces.
You spent 2403 gold pieces at shops.

Inventory:

Hand Weapons
 a - the +11 spear "Zionn" {speed, rC- MR+ Str+6}
   (You found it on level 4 of the Dungeon)

   Attacks with this weapon are significantly faster.
   It affects your strength (+6).
   It makes you vulnerable to cold.
   It affects your resistance to hostile enchantments.
 b - the +6 arbalest "Damnation" (weapon) {damnation}
   (You bought it in a shop on level 2 of the Orcish Mines)
 e - the +9 flail "Hydraslayer" {vamp, +Blink rF- Dex+2}
   (You found it on level 11 of the Dungeon)

   It inflicts no extra harm, but heals its wielder when it wounds a living foe.
   It affects your dexterity (+2).
   It makes you vulnerable to fire.
   It lets you blink.
 m - the +5 trident of Ahocag {chaos, rPois rN+ MR-}
   (You bought it in a shop on level 2 of the Orcish Mines)

   Each time it hits an enemy it has a different, random effect.
   It protects you from poison.
   It protects you from negative energy.
   It affects your resistance to hostile enchantments.
 A - a +0 broad axe
 E - a +6 war axe of freezing
 M - a +5 demon trident
 W - a +2 hunting sling of flaming
Missiles
 y - 192 sling bullets
 I - 2 throwing nets
 Y - 99 bolts (quivered)
Armour
 c - a scarf of spirit shield
 n - a scarf of resistance (worn)
 s - a +1 pair of gloves (worn)
 z - a scarf of repulsion
 N - a +2 shield of resistance
 Q - the +1 plate armour of Weutirebb (worn) {rC+ MR+}
   (You found it on level 12 of the Dungeon)

   It protects you from cold.
   It affects your resistance to hostile enchantments.
 X - a +0 pair of boots (worn)
Jewellery
 r - a ring of positive energy (left hand)
 w - an amulet of rage (around neck)
 K - an uncursed ring of resist corrosion
 O - a ring of protection from fire (right hand)
 V - a +2 ring of strength
Wands
 q - a wand of disintegration (1)
 S - a wand of paralysis (21)
 T - a wand of acid (2)
Scrolls
 h - 12 scrolls of remove curse
 i - 6 scrolls of magic mapping
 k - 2 scrolls of fog
 o - 2 scrolls of fear
 u - 2 scrolls of teleportation
 F - 4 scrolls of enchant armour
 H - 2 scrolls of blinking
 L - a scroll of enchant weapon
 R - a scroll of amnesia
 Z - 5 scrolls of identify
Potions
 d - a potion of might
 f - 3 potions of brilliance
 g - 2 potions of heal wounds
 j - 4 potions of curing
 l - 2 potions of berserk rage {unknown}
 p - 2 potions of ambrosia
 t - 3 potions of flight
 x - 2 potions of magic
 C - 7 potions of haste
 J - a potion of cancellation
 P - a potion of lignification
 U - 2 potions of degeneration {unknown}
Miscellaneous
 v - a lamp of fire
 G - a phantom mirror
Comestibles
 B - 7 chunks of flesh
 D - 7 rations


   Skills:
 + Level 11.5 Fighting
 + Level 10.7 Short Blades
 + Level 10.7 Long Blades
 + Level 11.5 Axes
 + Level 10.7 Maces & Flails
 + Level 10.7 Polearms
 + Level 10.7 Staves
 + Level 10.7 Slings
 + Level 10.7 Bows
 + Level 10.7 Crossbows
 + Level 11.0 Throwing
 + Level 11.0 Armour
   Level 0.0 Dodging
   Level 0.0 Stealth
 + Level 10.7 Shields
 + Level 10.7 Unarmed Combat
 + Level 11.7 Spellcasting
 + Level 9.1 Conjurations
 + Level 9.1 Hexes
 + Level 9.1 Charms
 + Level 9.1 Summonings
 + Level 9.1 Necromancy
 + Level 10.5 Translocations
 + Level 9.1 Transmutations
 + Level 9.1 Fire Magic
 + Level 9.1 Ice Magic
 + Level 9.1 Air Magic
 + Level 9.1 Earth Magic
 + Level 9.1 Poison Magic
 + Level 11.6 Invocations
 + Level 10.7 Evocations


You had 26 spell levels left.
You knew the following spells:

 Your Spells              Type           Power        Failure   Level  Hunger
a - Blink                 Tloc           N/A          4%          2    None
b - Shroud of Golubria    Chrm/Tloc      #####.....   5%          2    None
c - Teleport Other        Tloc           #####...     8%          3    None
d - Lesser Beckoning      Tloc           #####.....   8%          3    None
e - Apportation           Tloc           #####.       3%          1    None
f - Magic Dart            Conj           ####         5%          1    None

Your spell library contained the following spells:

 Spells                   Type           Power        Failure   Level  Hunger
 Shock                    Conj/Air       ####         5%          1    None
 Searing Ray              Conj           #####.       8%          2    None
 Swiftness                Chrm/Air       #####...     8%          2    None
 Gell's Gravitas          Tloc           #####.....   8%          3    None
 Portal Projectile        Hex/Tloc       #####.       11%         3    None
 Recall                   Summ/Tloc      N/A          11%         3    None
 Dazzling Spray           Conj/Hex       #####.       13%         3    None
 Static Discharge         Conj/Air       #####...     13%         3    None
 Passage of Golubria      Tloc           N/A          22%         4    ###....
 Force Lance              Conj/Tloc      #####...     30%         4    ###....
 Airstrike                Air            #####.....   38%         4    ###....
 Fulminant Prism          Conj/Hex       #####.....   38%         4    ###....
 Iskenderun's Mystic Bla  Conj           #####...     38%         4    ###....
 Lightning Bolt           Conj/Air       #####.....   71%         5    #####..
 Disjunction              Tloc           #####.....   100%        8    #######


Dungeon Overview and Level Annotations

Branches:
Dungeon (15/15)            Temple (1/1) D:5            Lair (6/6) D:9
 Shoals (2/4) Lair:4       Spider (0/4) Lair:4        Slime (0/5) Lair:5
    Orc (2/2) D:12            Elf (1/3) Orc:2        Vaults (0/5) D:14
 Depths (0/5) D:15

Altars:
Ashenzari
Cheibriados
Dithmenos
Elyvilon
Fedhas
Gozag
Hepliaklqana
Kikubaaqudgha
Makhleb
Nemelex Xobeh
Okawaru
Qazlal
Ru
Sif Muna
Trog
Uskayaw
Vehumet
Wu Jian
Xom
Yredelemnul
Zin
The Shining One

Shops:
D:15 (   Orc:2 (*[:(

Annotations:
D:12 1 runed translucent door
Lair:4 2 runed translucent doors, Odimp's ghost, journeyman KoWn


Innate Abilities, Weirdness & Mutations

Your experience applies equally to all skills.
You have very sharp teeth.
You cannot be stealthy.
You cannot train Dodging skill.
You have slow reflexes. (EV -10)
Your casting is slightly disrupted.
You are sensitive to extremes of temperature. (rF-, rC-)
Your uncanny sense of smell can sniff out nearby items.


Message History

Press: ? - help, Shift-Dir - straight line, f - +4 glaive of freezing
Aim: a +4 glaive of freezing, a +4 glaive of freezing (heavily damaged)
Okay, then.
You redirect the deep elf archer's attack!
The deep elf archer unwields a +0 dagger.
The deep elf archer wields a +0 longbow.
The deep elf archer shoots an arrow.
A +1 antimagic halberd comes into view. It is a +1 antimagic halberd.
The deep elf mage begins to cast a spell, but is stunned by your will!
The deep elf archer shoots an arrow.
The arrow completely misses you.
The +2 halberd of venom hits you from afar.
The deep elf archer shoots an arrow.
The arrow hits you!
You see here an arrow.
The +4 glaive of freezing hits you from afar!
* * * LOW HITPOINT WARNING * * *
The +4 glaive of freezing freezes you.
* * * LOW HITPOINT WARNING * * *
You focus your will and blind the +4 glaive of freezing in retribution!
The +2 halberd of venom hits you from afar!!
You die...

#............##.#
.....###...####'#
...# ###+# ##.## ..
###.).###
###.......###
#...........##+
......#........#
.#...##).......#
#..##.@####...# ∆
#.##......##..# #
###..⌠..(..#### '#
##....((.#..# ...
##...#e.#..# ..(.
##.##.(...####.....
###....(e#.)......
#.....##(.#......
...e..#######..^...


You could see a deep elf archer, a deep elf mage and 3 dancing weapons.

Vanquished Creatures
  Rupert (D:13)
  Frances (D:13)
  An orc warlord (Orc:2)
  Snorg (D:11)
  A fire dragon (Lair:4)
  2 rakshasas (D:13)
  An ice dragon (Lair:6)
  Fannar (Lair:3)
  6 hydras
  A merfolk aquamancer (Shoals:1)
  4 vault guards (D:14)
  A merfolk avatar (Shoals:1)
  2 centaur warriors
  A two-headed ogre (shapeshifter) (D:14)
  2 dancing weapons (Elf:1)
  5 two-headed ogres
  4 tengu warriors
  Urug (D:13)
  4 orc high priests
  2 skeletal warriors
  2 unseen horrors
  3 sea snakes (Shoals:1)
  A flayed ghost (D:15)
  A wizard (D:14)
  A deep elf archer (Elf:1)
  2 lindwurms
  11 harpies
  An orange crystal statue (Elf:1)
  6 orc knights
  A necromancer (D:14)
  A wolf spider zombie (D:15)
  A frost giant zombie (D:15)
  9 deep elf magi
  2 manticores (Shoals:1)
  3 fauns (Shoals:1)
  4 orc sorcerers (Orc:2)
  6 cyclopes
  24 ugly things
  2 merfolk sirens
  A water nymph (Shoals:1)
  2 centaur zombies
  7 torpor snails
  3 gargoyles
  An elf skeleton (D:15)
  9 spiny frogs
  12 rime drakes
  A yaktaur zombie (D:15)
  12 komodo dragons
  7 trolls
  3 merfolk (Shoals:1)
  2 tengu conjurers
  4 tyrant leeches (Lair:6)
  7 hornets
  7 hippogriffs
  3 blink frogs (Lair:6)
  4 slime creatures (D:14)
  3 dream sheep (Lair:6)
  An ice dragon zombie (D:15)
  Grinder (D:3)
  Sigmund (D:6)
  A spriggan (D:8)
  A redback (Lair:4)
  A shadow (D:15)
  6 wyverns
  2 centaur simulacra
  5 wraiths
  3 water elementals (Shoals:1)
  3 basilisks
  28 yaks
  2 hungry ghosts
  Eustachio (D:6)
  9 steam dragons
  4 vampire mosquitoes
  A warg (D:15)
  A soldier ant (D:12)
  13 water moccasins
  Edmund (D:4)
  4 acid dragons
  Duvessa (D:6)
  12 porcupines
  2 phantoms
  An ice beast (D:11)
  38 orc warriors
  2 eyes of draining
  5 sky beasts
  2 black bears
  2 necrophages (D:8)
  3 wolves (Lair:6)
  7 ogres
  8 centaurs
  12 crocodiles
  A big kobold (D:7)
  Blork the orc (D:6)
  23 bullfrogs
  Dowan (D:6)
  A wyvern skeleton (D:14)
  8 scorpions
  A water moccasin skeleton (D:12)
  10 killer bees
  10 wights
  13 howler monkeys
  10 crimson imps
  A bullfrog zombie (D:6)
  2 quasits
  A bullfrog skeleton (D:5)
  9 jellies
  22 orc priests
  6 hounds
  5 centaur skeletons
  Jessica (D:2)
  An iguana (D:5)
  24 orc wizards
  7 hell rats (Lair:5)
  12 worker ants
  A killer bee zombie (D:6)
  A hound zombie (D:9)
  2 hound skeletons
  15 adders
  2 shadow imps
  2 oozes
  2 adder skeletons (D:9)
  3 worms
  6 dart slugs
  12 leopard geckos
  93 orcs
  9 bats
  7 giant cockroaches
  10 goblins
  15 hobgoblins
  24 jackals
  12 kobolds
  8 quokkas
  9 frilled lizards
  2 jackal skeletons
  A leopard gecko zombie (D:6)
  2 quokka skeletons
  16 rats
  A plant (Lair:6)
820 creatures vanquished.

Vanquished Creatures (collateral kills)
  A wyvern (Lair:6)
  A fungus (Lair:6)
2 creatures vanquished.

Vanquished Creatures (others)
  An unseen horror (D:12)
  A harpy (Shoals:1)
  An orc knight (Orc:2)
  A manticore (Lair:4)
  A troll (Orc:1)
  A wyvern (D:13)
  A water elemental (Shoals:1)
  A steam dragon (Lair:4)
  2 orc warriors (Orc:2)
  An eye of draining (D:14)
  A killer bee (D:7)
  An orc priest (D:12)
  An orc (Orc:2)
  15 fungi
  18 plants
47 creatures vanquished.

Grand Total: 869 creatures vanquished

Notes
Turn   | Place    | Note
-------+----------+-------------------------------------------
     0 | D:1      | mora the Gnoll Warper began the quest for the Orb.
     0 | D:1      | Reached XP level 1. HP: 20/20 MP: 6/6
   423 | D:1      | Reached XP level 2. HP: 12/26 MP: 7/7
  1084 | D:1      | Reached XP level 3. HP: 30/31 MP: 9/9
  1086 | D:1      | Reached skill level 5 in Spellcasting
  1243 | D:1      | Reached skill level 1 in Invocations
  1563 | D:1      | Reached skill level 1 in Short Blades
  1563 | D:1      | Reached skill level 1 in Long Blades
  1563 | D:1      | Reached skill level 1 in Maces & Flails
  1563 | D:1      | Reached skill level 1 in Polearms
  1563 | D:1      | Reached skill level 1 in Staves
  1563 | D:1      | Reached skill level 1 in Slings
  1563 | D:1      | Reached skill level 1 in Bows
  1563 | D:1      | Reached skill level 1 in Crossbows
  1563 | D:1      | Reached skill level 1 in Stealth
  1563 | D:1      | Reached skill level 1 in Shields
  1563 | D:1      | Reached skill level 1 in Unarmed Combat
  1563 | D:1      | Reached skill level 1 in Evocations
  1900 | D:2      | Reached XP level 4. HP: 38/38 MP: 11/11
  1941 | D:2      | Found a bloodstained altar of Trog.
  2112 | D:2      | Reached skill level 1 in Conjurations
  2112 | D:2      | Reached skill level 1 in Hexes
  2112 | D:2      | Reached skill level 1 in Charms
  2112 | D:2      | Reached skill level 1 in Summonings
  2112 | D:2      | Reached skill level 1 in Necromancy
  2112 | D:2      | Reached skill level 1 in Transmutations
  2112 | D:2      | Reached skill level 1 in Fire Magic
  2112 | D:2      | Reached skill level 1 in Ice Magic
  2112 | D:2      | Reached skill level 1 in Air Magic
  2112 | D:2      | Reached skill level 1 in Earth Magic
  2112 | D:2      | Reached skill level 1 in Poison Magic
  2178 | D:2      | Learned a level 2 spell: Blink
  2181 | D:2      | Learned a level 2 spell: Shroud of Golubria
  2202 | D:2      | Noticed Jessica
  2215 | D:2      | Killed Jessica
  2215 | D:2      | Reached XP level 5. HP: 43/43 MP: 12/12
  2695 | D:2      | Noticed a moth of wrath
  2698 | D:2      | Found a bloodstained altar of Trog.
  3125 | D:3      | Found an iron altar of Okawaru.
  3570 | D:3      | Found a hazy altar of Hepliaklqana.
  3679 | D:3      | Reached XP level 6. HP: 50/50 MP: 13/13
  3736 | D:3      | Noticed Grinder
  3736 | D:3      | Paralysed by Grinder for 7 turns
  3760 | D:3      | Paralysed by Grinder for 3 turns
  3925 | D:3      | Paralysed by Grinder for 7 turns
  4196 | D:3      | Killed Grinder
  4196 | D:3      | Reached skill level 5 in Fighting
  4196 | D:3      | Reached skill level 5 in Axes
  4196 | D:3      | Reached skill level 5 in Dodging
  4196 | D:3      | Reached XP level 7. HP: 23/56 MP: 13/15
  4526 | D:4      | Got a crystal spear
  4527 | D:4      | Identified the +11 spear "Zionn" {speed, rC- MR+ Str+6}
                  | (You found it on level 4 of the Dungeon)
  4824 | D:4      | Noticed Edmund
  4843 | D:4      | Killed Edmund
  4846 | D:4      | Reached XP level 8. HP: 63/63 MP: 16/16
  5506 | D:5      | Entered Level 5 of the Dungeon
  5524 | D:5      | Found a snail-covered altar of Cheibriados.
  6008 | D:5      | Reached XP level 9. HP: 60/69 MP: 18/18
  6152 | D:5      | Found a staircase to the Ecumenical Temple.
  6345 | Temple   | Entered the Ecumenical Temple
  6553 | Temple   | Became a worshipper of Ru the Awakened
  6818 | D:6      | Learned a level 3 spell: Teleport Other
  6822 | D:6      | Learned a level 3 spell: Lesser Beckoning
  6863 | D:6      | Noticed Duvessa
  6866 | D:6      | Noticed Dowan
  6874 | D:6      | Killed Duvessa
  6880 | D:6      | Killed Dowan
  7128 | D:6      | Noticed Eustachio
  7140 | D:6      | Killed Eustachio
  7144 | D:6      | Noticed Blork the orc
  7149 | D:6      | Killed Blork the orc
  7149 | D:6      | Reached skill level 5 in Throwing
  7149 | D:6      | Reached skill level 5 in Armour
  7738 | D:6      | Found a glowing golden altar of the Shining One.
  7756 | D:6      | Noticed Sigmund
  7765 | D:6      | Killed Sigmund
  8054 | D:7      | Gained mutation: You have somewhat slow reflexes. (EV -5)
                  | [Ru sacrifice]
  8054 | D:7      | Reached * piety under Ru
  8269 | D:7      | Reached skill level 5 in Invocations
  8652 | D:8      | Noticed a two-headed ogre
  8695 | D:8      | Reached XP level 10. HP: 69/77 MP: 20/20
  9249 | D:7      | Reached skill level 5 in Short Blades
  9249 | D:7      | Reached skill level 5 in Long Blades
  9249 | D:7      | Reached skill level 5 in Maces & Flails
  9249 | D:7      | Reached skill level 5 in Polearms
  9249 | D:7      | Reached skill level 5 in Staves
  9249 | D:7      | Reached skill level 5 in Slings
  9249 | D:7      | Reached skill level 5 in Bows
  9249 | D:7      | Reached skill level 5 in Crossbows
  9249 | D:7      | Reached skill level 5 in Stealth
  9249 | D:7      | Reached skill level 5 in Shields
  9249 | D:7      | Reached skill level 5 in Unarmed Combat
  9249 | D:7      | Reached skill level 5 in Evocations
  9498 | D:8      | Killed a two-headed ogre
  9734 | D:8      | Found a shattered altar of Ashenzari.
 10083 | D:9      | Found a white marble altar of Elyvilon.
 10161 | D:9      | Gained mutation: You cannot train Dodging skill. [Ru
                  | sacrifice]
 10161 | D:9      | Reached ** piety under Ru
 10245 | D:9      | Found a staircase to the Lair.
 10692 | D:9      | Found a shimmering altar of Xom.
 11089 | D:9      | Identified Merautaf's Volume of Displacement
 11174 | D:10     | Entered Level 10 of the Dungeon
 11491 | D:10     | Reached XP level 11. HP: 47/83 MP: 22/22
 11887 | D:10     | Noticed a two-headed ogre
 11894 | D:10     | Killed a two-headed ogre
 11897 | D:10     | Reached skill level 5 in Conjurations
 11897 | D:10     | Reached skill level 5 in Hexes
 11897 | D:10     | Reached skill level 5 in Charms
 11897 | D:10     | Reached skill level 5 in Summonings
 11897 | D:10     | Reached skill level 5 in Necromancy
 11897 | D:10     | Reached skill level 5 in Transmutations
 11897 | D:10     | Reached skill level 5 in Fire Magic
 11897 | D:10     | Reached skill level 5 in Ice Magic
 11897 | D:10     | Reached skill level 5 in Air Magic
 11897 | D:10     | Reached skill level 5 in Earth Magic
 11897 | D:10     | Reached skill level 5 in Poison Magic
 11910 | D:10     | Noticed a seven-headed hydra
 11917 | D:10     | Killed a seven-headed hydra
 12314 | D:11     | Noticed a two-headed ogre
 12339 | D:11     | Killed a two-headed ogre
 12516 | D:11     | Noticed a lindwurm
 12516 | D:11     | Noticed a lindwurm
 12525 | D:11     | Noticed a lindwurm
 12567 | D:11     | Gained mutation: You have slow reflexes. (EV -10) [Ru
                  | sacrifice]
 12567 | D:11     | Reached *** piety under Ru
 12591 | D:11     | Noticed a lindwurm
 13037 | D:11     | Noticed Snorg
 13047 | D:11     | Killed Snorg
 13720 | D:12     | Noticed a cyan ugly thing
 13735 | D:12     | Killed a cyan ugly thing
 13735 | D:12     | Reached XP level 12. HP: 71/92 MP: 0/24
 14340 | D:12     | Identified a scroll of acquirement
 14341 | D:12     | Got a distressingly furry cloak
 14347 | D:12     | Identified the +2 cloak of the Skies Above {rF- Int+6} (You
                  | acquired it on level 12 of the Dungeon)
 14794 | D:12     | Got a dazzling plate armour
 14795 | D:12     | Identified the cursed +1 plate armour of Weutirebb {rC+
                  | MR+} (You found it on level 12 of the Dungeon)
 14842 | D:12     | Found a runed translucent door.
 14848 | D:12     | Noticed a fire dragon
 14848 | D:12     | Noticed a tengu reaver
 15109 | D:12     | Found a staircase to the Orcish Mines.
 15312 | D:12     | Noticed a sphinx
 15361 | D:13     | Noticed Urug
 15361 | D:13     | Noticed a centaur warrior
 15370 | D:13     | Killed Urug
 15378 | D:13     | Killed a centaur warrior
 15715 | D:13     | Gained mutation: You are sensitive to extremes of
                  | temperature. (rF-, rC-) [Ru sacrifice]
 15715 | D:13     | Reached **** piety under Ru
 15715 | D:13     | Reached ***** piety under Ru
 15814 | D:13     | Noticed a tengu warrior
 16068 | Lair:1   | Entered Level 1 of the Lair of Beasts
 17716 | Lair:2   | Reached XP level 13. HP: 24/101 MP: 26/26
 18569 | Lair:2   | Gained mutation: Your casting is slightly disrupted. [Ru
                  | sacrifice]
 18972 | Lair:3   | Noticed Fannar
 18999 | Lair:3   | Killed Fannar
 19737 | Lair:4   | Found a staircase to the Shoals.
 19848 | Lair:4   | Found a large runed translucent door.
 19848 | Lair:4   | Found a large runed translucent door.
 19848 | Lair:4   | Noticed Odimp's ghost (journeyman KoWn)
 20319 | Lair:4   | Gained mutation: You cannot be stealthy. [Ru sacrifice]
 20319 | Lair:4   | Reached ****** piety under Ru
 20514 | Lair:4   | Found a hole to the Spider Nest.
 20780 | Lair:4   | Noticed a fire dragon
 20810 | Lair:4   | Killed a fire dragon
 20839 | Lair:4   | HP: 5/101 [lindwurm/blast of flame (25)]
 21537 | Lair:4   | Got a smoking scale mail
 22017 | Lair:5   | Found a staircase to the Slime Pits.
 22355 | Lair:6   | Entered Level 6 of the Lair of Beasts
 23301 | Lair:6   | Reached skill level 10 in Spellcasting
 23584 | Lair:6   | Reached XP level 14. HP: 106/109 MP: 28/28
 25232 | Lair:6   | Found a runed translucent door.
 25244 | Lair:6   | Reached skill level 10 in Fighting
 25244 | Lair:6   | Reached skill level 10 in Axes
 25362 | Lair:6   | Paralysed by a hornet for 3 turns
 26402 | Lair:6   | Identified the +3 scale mail of Byulot {-Cast rElec rN++
                  | Stlth+} (You found it on level 4 of the Lair of Beasts)
 27148 | D:13     | Noticed Rupert
 27187 | D:13     | Killed Rupert
 27726 | D:14     | Reached skill level 10 in Invocations
 27958 | D:14     | Noticed Frances
 28044 | Orc:1    | Entered Level 1 of the Orcish Mines
 28242 | Orc:1    | Learned a level 1 spell: Apportation
 29358 | Orc:2    | Entered Level 2 of the Orcish Mines
 29369 | Orc:2    | Found Xafre's Weapon Shoppe.
 29406 | Orc:2    | Bought a +0 broad axe for 72 gold pieces
 29670 | Orc:2    | Found a staircase to the Elven Halls.
 30086 | Orc:2    | Noticed an orc warlord
 30115 | Orc:2    | Killed an orc warlord
 30484 | Orc:2    | Reached XP level 15. HP: 117/117 MP: 29/29
 31052 | Orc:2    | Reached skill level 10 in Throwing
 31052 | Orc:2    | Reached skill level 10 in Armour
 31191 | Orc:2    | Found Zarais's General Store.
 31192 | Orc:2    | Found Kaulais's Book Boutique.
 31193 | Orc:2    | Found Silox's Antique Armour Boutique.
 31193 | Orc:2    | Found Wentush's Antique Weapon Shop.
 31293 | Orc:2    | Bought an embroidered scarf for 192 gold pieces
 31293 | Orc:2    | Bought a runed scarf for 192 gold pieces
 31319 | Orc:2    | Bought a crystal trident for 187 gold pieces
 31319 | Orc:2    | Bought the +6 arbalest "Damnation" {damnation} for 1760
                  | gold pieces
 31319 | Orc:2    | Found the +6 arbalest "Damnation" {damnation}
 31319 | Orc:2    | Identified the +5 trident of Ahocag {chaos, rPois rN+ MR-}
                  | (You bought it in a shop on level 2 of the Orcish Mines)
 32381 | Shoals:1 | Entered Level 1 of the Shoals
 33148 | Shoals:1 | You fall through a shaft!
 33675 | Shoals:1 | Reached skill level 10 in Translocations
 34312 | D:11     | Got a transparent flail
 34313 | D:11     | Identified the +9 flail "Hydraslayer" {vamp, +Blink rF-
                  | Dex+2} (You found it on level 11 of the Dungeon)
 34560 | Orc:2    | Reached skill level 10 in Short Blades
 34560 | Orc:2    | Reached skill level 10 in Long Blades
 34560 | Orc:2    | Reached skill level 10 in Maces & Flails
 34560 | Orc:2    | Reached skill level 10 in Polearms
 34560 | Orc:2    | Reached skill level 10 in Staves
 34560 | Orc:2    | Reached skill level 10 in Slings
 34560 | Orc:2    | Reached skill level 10 in Bows
 34560 | Orc:2    | Reached skill level 10 in Crossbows
 34560 | Orc:2    | Reached skill level 10 in Shields
 34560 | Orc:2    | Reached skill level 10 in Unarmed Combat
 34560 | Orc:2    | Reached skill level 10 in Evocations
 34648 | D:13     | Killed Frances
 35920 | D:14     | Reached XP level 16. HP: 26/125 MP: 31/31
 35921 | D:14     | Found a gate to the Vaults.
 36948 | D:15     | Entered Level 15 of the Dungeon
 37296 | D:15     | Found a staircase to the Depths.
 37482 | D:15     | Identified the +0 hand axe of the Present {chop, +Blink rF-
                  | Dex-2 SInv}
 38418 | D:15     | Found Launky's Weapon Shop.
 38917 | Elf:1    | Entered Level 1 of the Elven Halls
 38920 | Elf:1    | Learned a level 1 spell: Magic Dart
 39338 | Elf:1    | Slain by a +2 halberd of venom

Skill      XL: |  1  2  3  4  5  6  7  8  9 10 11 12 13 14 15 16 |
---------------+-------------------------------------------------+-----
Spellcasting   | 5 6 7 8 9 10 11 | 11.7
Invocations    | 1 2 3 4 5 6 7 8 9 10 11 | 11.6
Short Blades   | 1 2 3 4 5 6 7 8 9 10 | 10.7
Long Blades    | 1 2 3 4 5 6 7 8 9 10 | 10.7
Maces & Flails | 1 2 3 4 5 6 7 8 9 10 | 10.7
Polearms       | 1 2 3 4 5 6 7 8 9 10 | 10.7
Staves         | 1 2 3 4 5 6 7 8 9 10 | 10.7
Slings         | 1 2 3 4 5 6 7 8 9 10 | 10.7
Bows           | 1 2 3 4 5 6 7 8 9 10 | 10.7
Crossbows      | 1 2 3 4 5 6 7 8 9 10 | 10.7
Stealth        | 1 2 3 4 5 6 7 0 |  0.0
Shields        | 1 2 3 4 5 6 7 8 9 10 | 10.7
Unarmed Combat | 1 2 3 4 5 6 7 8 9 10 | 10.7
Evocations     | 1 2 3 4 5 6 7 8 9 10 | 10.7
Conjurations   | 1 2 3 4 5 6 7 8 9 |  9.1
Hexes          | 1 2 3 4 5 6 7 8 9 |  9.1
Charms         | 1 2 3 4 5 6 7 8 9 |  9.1
Summonings     | 1 2 3 4 5 6 7 8 9 |  9.1
Necromancy     | 1 2 3 4 5 6 7 8 9 |  9.1
Transmutations | 1 2 3 4 5 6 7 8 9 |  9.1
Fire Magic     | 1 2 3 4 5 6 7 8 9 |  9.1
Ice Magic      | 1 2 3 4 5 6 7 8 9 |  9.1
Air Magic      | 1 2 3 4 5 6 7 8 9 |  9.1
Earth Magic    | 1 2 3 4 5 6 7 8 9 |  9.1
Poison Magic   | 1 2 3 4 5 6 7 8 9 |  9.1
Throwing       | 3 4 5 6 7 8 9 10 11 | 11.0
Armour         | 3 4 5 6 7 8 9 10 11 | 11.0
Fighting       | 5 6 7 8 9 10 11 | 11.5
Axes           | 5 6 7 8 9 10 11 | 11.5
Dodging        | 5 6 0 |  0.0
Translocations | 6 7 8 9 10 | 10.5

Action                   |  1- 3 |  4- 6 |  7- 9 | 10-12 | 13-15 | 16-18 || total
-------------------------+-------+-------+-------+-------+-------+-------++-------
Melee: Hand axe          |   129 |    75 |       |       |       |       ||   204
       Bite              |     9 |    11 |    26 |   125 |   276 |    69 ||   516
       Long sword        |       |    82 |       |       |       |       ||    82
       Spear             |       |       |   321 |   836 |  1651 |   448 ||  3256
       War axe           |       |       |       |       |   225 |       ||   225
       Punch             |       |       |       |       |       |    21 ||    21
 Fire: Hunting sling     |       |    33 |    60 |    18 |    20 |       ||   131
       Arbalest          |       |       |       |       |       |    23 ||    23
Throw: Tomahawk          |     5 |       |       |       |       |       ||     5
       Throwing net      |       |       |       |       |     1 |       ||     1
Invok: Sacrifice Health  |       |       |     1 |     1 |       |       ||     2
       Sacrifice Nimblen |       |       |       |     1 |       |       ||     1
       Sacrifice Resista |       |       |       |     1 |       |       ||     1
       Sacrifice Essence |       |       |       |       |     1 |       ||     1
       Sacrifice Stealth |       |       |       |       |     1 |       ||     1
       Power Leap        |       |       |       |       |     2 |     1 ||     3
 Abil: Evoke Berserk Rag |       |     2 |     1 |     3 |     5 |       ||    11
Evoke: Wand              |       |       |     1 |    17 |    25 |       ||    43
       Lamp of fire      |       |       |       |       |     2 |       ||     2
  Use: Scroll            |       |     6 |     8 |    19 |    23 |       ||    56
       Potion            |       |       |       |     1 |     9 |       ||    10
 Stab: Sleeping          |     2 |     1 |       |       |       |       ||     3
       Invisible         |       |       |       |     2 |    13 |       ||    15
       Fleeing           |       |       |       |     2 |       |       ||     2
       Distracted        |       |       |       |     2 |     6 |     1 ||     9
       Paralysed         |       |       |       |     1 |    13 |     7 ||    21
       Held in net/web   |       |       |       |       |     1 |       ||     1
  Eat: Chunk             |     3 |     7 |     7 |    26 |    33 |     1 ||    77
       Ration            |       |     1 |     2 |     2 |    10 |     3 ||    18
Armor: Leather armour    |    29 |    12 |       |       |       |       ||    41
       Chain mail        |       |    82 |    77 |   169 |       |       ||   328
       Plate armour      |       |       |       |    49 |   468 |    99 ||   616
Dodge: Dodged            |   102 |   105 |    59 |    27 |    14 |     7 ||   314
Block: Large shield      |       |       |    34 |   379 |   354 |       ||   767
       Shield            |       |       |       |       |   301 |    16 ||   317
       Rpst.: Long sword |       |    17 |       |       |       |       ||    17
